 Dungeon Crawl Stone Soup version 0.31.0-12-g77e489cdc1 (webtiles) character file.

Game seed: 16435250201042604586

19 DildoBatman the Conjurer (level 2, 0/20 HPs)
             Began as a Formicid Conjurer on Feb 13, 2024.
             Hit by a stone thrown by a gnoll (5 damage)
             ... on level 1 of the Dungeon.
             The game lasted 00:02:09 (648 turns).

DildoBatman the Conjurer (Formicid Conjurer)         Turns: 648, Time: 00:02:10

Health: 0/20       AC:  2    Str: 11    XL:     2   Next: 95%
Magic:  5/5        EV: 12    Int: 17    God:
Gold:   25         SH:  0    Dex: 12    Spells: 2/5 levels left

rFire   . . .        d - +0 whip
rCold   . . .        (no shield)
rNeg    . . .        a - +0 robe
rPois   .            (helmet unavailable)
rElec   .            (no cloak)
rCorr   .            (no gloves)
SInv    +            (no boots)
Will    .....        (no amulet)
Stlth   ++           (no ring)
HPRegen 0.23/turn    (no ring)
MPRegen 0.09/turn

%: no passive effects
@: no status effects
A: permanent stasis, dig shafts and tunnels, antennae 3, four strong arms
a: Dig, Shaft Self


You were on level 1 of the Dungeon.
You visited 1 branch of the dungeon, and saw 1 of its levels.

You collected 25 gold pieces.

Inventory:

Hand Weapons
 d - a +0 whip (weapon)
Missiles
 c - 9 stones
Armour
 a - a +0 robe (worn)
Potions
 b - 3 potions of magic
 e - a potion of heal wounds {unknown}


   Skills:
 + Level 0.6 Fighting
 + Level 0.9 Armour
 + Level 2.0 Dodging
 + Level 2.8 Stealth
 + Level 2.3 Spellcasting
 + Level 3.7 Conjurations


You had 2 spell levels left.
You knew the following spells:

 Your Spells              Type           Power      Damage    Failure   Level
a - Searing Ray           Conj           28%        2d5       6%          2
c - Magic Dart            Conj           56%        1d5       4%          1

Your spell library contained the following spells:

 Spells                   Type           Power      Damage    Failure   Level
 Fulminant Prism          Conj/Alch      4%         3d5       65%         4
 Iskenderun's Mystic Bla  Conj/Tloc      8%         2d4       65%         4


Dungeon Overview and Level Annotations

Branches:
Dungeon (1/15)

Altars:


Innate Abilities, Weirdness & Mutations

You cannot be hasted, slowed, berserked, paralysed or teleported.
You can dig through walls and to a lower floor.
You have a pair of large antennae on your head. (SInv)
Your four strong arms can wield two-handed weapons with a shield.


Message History

Aim: a gnoll, wielding a +0 spear, wearing a +0 chain mail and quivering stones (85% to hit)
You miscast Searing Ray.
You are very lightly contaminated with residual magic.
Nothing appears to happen.
The gnoll throws a stone.
The stone closely misses you. The gnoll attacks as it pursues you!
The gnoll closely misses you.
The gnoll throws a stone.
The stone hits you.
Your magical contamination has completely faded away.
The gnoll throws a stone.
The stone hits you.
The gnoll throws a stone.
The stone closely misses you.
The gnoll throws a stone.
The stone misses you.
There is an open door, spattered with blood here.
You close the door.
You see here a hobgoblin skeleton.
Something unseen opens the door.
You open the door.
The gnoll throws a stone.
The stone misses you.
The gnoll throws a stone.
The stone hits you but does no damage.
There is an open door here.
You close the door.
A gnoll breaks down the door.
The gnoll hits you from afar with a +0 spear.
The gnoll hits you from afar with a +0 spear.
The gnoll throws a stone.
The stone hits you.
The gnoll throws a stone.
The stone hits you.
The gnoll throws a stone.
The stone barely misses you.
The gnoll throws a stone.
The stone hits you.
You die...

#######.............###
.>.... ##.........##
..##..$#.. #...........#
#....#.... #...........#
#.........
#...........###.###[#...
##....)....###....#.#..#
##...#.................
##.##.....g...........
#..#@###'###'###+###.
##.#.#.....÷.......#
...#.8.⌠⌠⌠.⌠⌠⌠.8.#
...#.............#
#...#≈~~~~~~~~~~~≈#
....#≈≈~~~≈~~~~~≈≈#
.....#≈≈~~≈≈~~≈~~~≈#
..##..#≈≈~~≈≈~≈≈~~≈≈#
#≈≈≈~≈≈~≈≈~≈≈≈#


You could see a gnoll.

Vanquished Creatures
  A dart slug (D:1)
  4 bats (D:1)
  An endoplasm (D:1)
  A giant cockroach (D:1)
  A hobgoblin (D:1)
  2 jackals (D:1)
  A quokka (D:1)
  A frilled lizard (D:1)
  A goblin (D:1)
  A kobold (D:1)
  3 rats (D:1)
17 creatures vanquished.

Notes
Turn   | Place    | Note
-------+----------+-------------------------------------------
     0 | D:1      | DildoBatman the Formicid Conjurer began the quest for the
                  | Orb.
     0 | D:1      | Reached XP level 1. HP: 13/13 MP: 3/3
   201 | D:1      | Reached XP level 2. HP: 19/20 MP: 0/5
   204 | D:1      | Learned a level 2 spell: Searing Ray
   648 | D:1      | Hit by a stone thrown by a gnoll

Illustrated notes

Levels and vault maps discovered:
D:1:      zaba_arrival_water, layout_rooms

Skill      XL: |  1  2 |
---------------+-------+-----
Dodging        | 2 |  2.0
Fighting       | |  0.6
Armour         | |  0.9
Stealth        | |  2.8
Spellcasting   | |  2.3
Conjurations   | |  3.7

Action                     || total
---------------------------++-------
  Melee: Unarmed           ||    19
   Cast: Magic Dart        ||    32
         Searing Ray       ||     1
 Armour: Robe              ||    27
  Dodge: Dodged            ||    22
